Map: Proxima Station LE

Players

IIIIIIIIIIII

  • Race: Terran Terran
  • League: Master
  • Spawn Location: 1:00

Railgan - Winner!

  • Race: Zerg Zerg
  • League: Master
  • Spawn Location: 7:00

VOD

https://www.youtube.com/watch?v=HqkifiRJZUk

Description

Time

  • Played on: March 1, 2017, 5:17 p.m.
  • Length: 15:25
Show
View Real Time Build Order
Export as new Build Order

IIIIIIIIIIII Terran 

Build Orders: Command Center First (CC), Hellion Opening, Bio Tank 

Get SALT Encoding   

  12  0:01  SCV  
  13  0:13  SCV  
  14  0:19  Supply Depot  
  14  0:25  SCV  
  15  0:40  SCV  
  16  0:52  SCV  
  17  1:00  Command Center  
  17  1:05  SCV  
  18  1:15  Barracks  
  18  1:19  SCV  
  18  1:25  Refinery  
  19  1:31  SCV  
  20  1:34  Refinery  
  20  1:43  SCV  
  21  1:56  SCV  
  22  2:03  Marine  
  22  2:08  Orbital Command  
  23  2:12  Factory  
  23  2:18  Orbital Command  
  23  2:22  Barracks Reactor  
  23  2:33  SCV  
  24  2:44  SCV  
  25  2:45  SCV  
  26  2:52  Supply Depot  
  26  2:56  SCV  
  27  2:58  Starport  
  27  3:02  SCV  
  27  3:05  Hellion x2  
  32  3:06  Barracks Tech Lab  
  32  3:08  SCV  
  33  3:14  SCV  
  34  3:23  SCV  
  34  3:26  Hellion x2, SCV  
  40  3:28  Marine  
  40  3:29  Stimpack  
  40  3:30  Supply Depot  
  41  3:35  Medivac  
  41  3:38  SCV x2  
  45  3:46  Marine  
  46  3:52  Hellion x2, SCV x2  
  52  4:04  SCV x2  
  52  4:16  SCV  
  52  4:18  Hellion  
  53  4:25  SCV  
  53  4:27  Armory  
  54  4:34  Supply Depot x2  
  54  4:38  Liberator  
  54  4:55  Marine  
  54  4:56  Hellion x2, SCV x2  
  64  5:07  Supply Depot x2  
  64  5:08  Barracks, Command Center, SCV x2  
  64  5:09  Barracks  
  66  5:20  SCV  
  67  5:24  Hellion  
  67  5:26  Marine  
  70  5:29  Hellion  
  70  5:30  SCV  
  70  5:31  Engineering Bay  
  70  5:32  SCV  
  70  5:33  Engineering Bay  
  74  5:38  Refinery  
  74  5:39  Refinery  
  70  5:50  SCV  
  70  5:53  SCV  
  62  5:57  Hellion x2, Barracks Reactor  
  62  5:58  Starport Reactor  
  62  5:59  Barracks Reactor  
  60  6:05  Terran Infantry Armor Level 1, Terran Infantry Weapons Level 1  
  60  6:08  Marine  
  60  6:10  Barracks  
  61  6:11  Barracks  
  61  6:15  Combat Shields  
  61  6:19  Hellion  
  61  6:20  Hellion  
  61  6:23  Orbital Command  
  61  6:25  SCV, Marine  
  66  6:26  SCV  
  65  6:35  Marine x3  
  65  6:36  Marine  
  65  6:37  SCV  
  65  6:38  SCV, Medivac  
  73  6:42  Medivac  
  73  6:43  Marine  
  76  6:51  SCV x2  
  76  6:53  Factory Tech Lab, Orbital Command, Marine x2  
  80  6:55  Marine x2  
  80  7:01  Barracks Reactor  
  82  7:04  SCV x2  
  82  7:05  Supply Depot  
  82  7:06  Supply Depot, Marine  
  85  7:09  Medivac  
  85  7:11  Marine x2  
  85  7:12  Siege Tank  
  85  7:15  Medivac  
  94  7:19  SCV x2  
  94  7:20  SCV  
  97  7:23  Marine x2  
  97  7:24  Marine  
  97  7:25  Marine  
  101  7:32  Supply Depot  
  101  7:33  Supply Depot, Marine x3  
  104  7:38  SCV x2  
  104  7:39  SCV  
  107  7:48  Marine x2  
  107  7:49  Marine x2  
  107  7:50  Supply Depot, SCV x2  
  114  7:51  SCV  
  114  7:56  Marine x2  
  114  7:57  Marine x3  
  122  7:58  Siege Tank  
  122  8:00  Terran Infantry Weapons Level 2  
  122  8:02  Terran Infantry Armor Level 2  
  119  8:11  Marine x2  
  105  8:13  Marine x2  
  105  8:16  Marine  
  105  8:17  Marine x4  
  105  8:19  Refinery  
  107  8:21  Factory  
  107  8:29  Marine  
  107  8:33  Marine  
  107  8:34  Marine x6  
  108  8:35  Siege Tank, Marauder  
  108  8:39  Refinery  
  108  8:40  Medivac x2  
  122  8:44  Supply Depot  
  122  8:45  Supply Depot  
  122  8:47  Supply Depot  
  122  8:54  Marine  
  115  8:56  Marauder  
  115  9:01  Marine x7  
  104  9:06  Factory Tech Lab  
  104  9:08  Siege Tank  
  107  9:12  Marine  
  107  9:15  Medivac x2  
  112  9:17  Marine  
  112  9:19  Marine x2  
  112  9:20  Marine x2  
  112  9:21  Barracks, Marine  
  112  9:22  Barracks, Marine  
  112  9:23  Barracks, Marine  
  120  9:30  Marine  
  121  9:32  Missile Turret  
  121  9:33  Siege Tank  
  121  9:35  Marine  
  121  9:37  Marine x2  
  127  9:40  Siege Tank  
  127  9:45  Medivac x2  
  134  9:46  Marine x3  
  134  9:48  Concussive Shells  
  134  9:49  Marine x2  
  134  9:50  Marine  
  140  9:57  Marine x3  
  143  10:04  Marine x3  
  143  10:05  Siege Tank  
  149  10:07  Marine x2  
  149  10:08  Marine  
  149  10:11  Liberator x2  
  149  10:12  Siege Tank  
  155  10:14  Barracks Reactor, Barracks Tech Lab x2  
  155  10:15  Marine  
  155  10:16  Marauder  
  155  10:21  Terran Infantry Weapons Level 3  
  158  10:32  Marine  
  165  10:41  Marine  
  165  10:42  Marine  
  165  10:43  Marine x2  
  165  10:44  Marine  
  165  10:45  Marauder  
  165  10:47  Marauder  
  152  10:54  Marine x3  
  131  11:02  Marine x3  
  131  11:03  Marine, Marauder  
  131  11:04  Siege Tank, Marine  
  114  11:20  Marine  
  114  11:24  Siege Tank  
  114  11:25  Medivac x2  
  123  11:26  Marine  
  123  11:27  Marauder  
  123  11:28  Barracks Tech Lab  
  125  11:35  Marine x4  
  125  11:36  Marauder  
  125  11:38  Marine  
  125  11:39  Marauder  
  134  11:47  Marine  
  134  11:48  Marine, Marauder  
  134  11:49  Marauder  
  134  11:52  Marine  
  134  11:53  Marine  
  145  11:57  Missile Turret, Marauder  
  145  11:58  Marine  
  145  11:59  Marine  
  145  12:00  Marauder  
  136  12:09  Marauder  
  136  12:10  Marauder  
  136  12:11  Marine  
  136  12:14  Marine x5  
  137  12:16  Marine x2  
  137  12:19  Marauder  
  137  12:21  Marine  
  137  12:22  Factory  
  141  12:23  Siege Tank  
  141  12:29  Marine  
  145  12:30  Marauder  
  145  12:31  Marauder  
  145  12:40  Marauder  
  141  12:50  Marine  
  142  12:52  Marauder  
  142  12:55  Siege Tank  
  142  12:57  Medivac x2, Barracks Tech Lab  
  142  12:58  Marine  
  152  13:04  Marine  
  152  13:05  Marine, Marauder  
  151  13:10  Marine x3, Marauder  
  153  13:13  Marauder  
  153  13:15  Siege Tank  
  153  13:17  Marine  
  153  13:18  Marine  
  160  13:28  Siege Tank  
  163  13:35  Marine x2  
  165  14:11  Marine x2  
  165  14:12  Marine  
  165  14:22  Marine x2  
  165  14:23  Marine x3  
  165  14:25  Marine  
  165  14:26  Marauder x2  
  165  14:30  Orbital Command  
  165  14:31  Marine  
  165  14:33  Marine  
  165  14:34  Marauder x2  
  168  14:42  Marine x4  
  158  14:48  Marauder  
  112  15:02  Marine  
  112  15:03  Marine  
  112  15:04  Marine  
  93  15:07  Marine x2  
Show
View Real Time Build Order
Export as new Build Order

Railgan Zerg - Winner!

Build Orders: Pool First, Lurkers 

Get SALT Encoding   

  12  0:01  Drone  
  13  0:12  Overlord  
  13  0:17  Drone  
  14  0:31  Drone x2  
  16  0:35  Drone  
  17  0:48  Spawning Pool  
  17  0:49  Drone  
  17  0:57  Drone  
  18  1:11  Hatchery  
  18  1:13  Extractor  
  18  1:16  Drone  
  17  1:20  Drone  
  18  1:29  Drone  
  19  1:34  Queen  
  21  1:40  Zergling x2  
  22  1:49  Overlord  
  22  2:09  Drone  
  22  2:10  Queen  
  22  2:15  Drone  
  26  2:20  Metabolic Boost  
  26  2:22  Drone  
  27  2:23  Queen  
  27  2:26  Drone  
  30  2:33  Overlord  
  30  2:39  Drone  
  30  2:42  Drone  
  30  2:44  Drone x3  
  34  2:46  Drone  
  36  2:54  Evolution Chamber  
  36  2:56  Drone x2  
  37  3:07  Zergling x4  
  39  3:15  Zergling x2  
  39  3:17  Drone x3  
  39  3:19  Overlord  
  43  3:22  Zerg Ground Armor Level 1  
  43  3:23  Drone  
  44  3:29  Overlord  
  44  3:39  Drone x2  
  46  3:43  Drone  
  46  3:46  Zergling x4  
  46  3:47  Extractor, Drone x2  
  46  3:48  Extractor  
  49  3:51  Drone  
  49  3:52  Zergling x4  
  51  3:57  Lair  
  51  4:03  Drone x2  
  51  4:08  Drone  
  51  4:09  Drone  
  55  4:12  Drone  
  55  4:19  Drone  
  55  4:20  Drone  
  55  4:23  Drone x2  
  57  4:26  Zergling x2  
  57  4:27  Zergling x4  
  57  4:30  Extractor  
  59  4:32  Overlord  
  59  4:35  Overlord  
  59  4:36  Zergling x2  
  60  4:42  Baneling Nest  
  60  4:44  Hatchery  
  60  4:45  Overlord  
  58  4:47  Zergling x2  
  59  5:01  Drone  
  59  5:03  Hydralisk Den  
  59  5:05  Overseer  
  59  5:11  Zergling x6  
  60  5:23  Zergling x8  
  60  5:25  Baneling x3  
  60  5:26  Baneling  
  60  5:27  Queen x2  
  68  5:36  Hydralisk  
  68  5:37  Hydralisk x5  
  80  5:49  Baneling x3  
  77  5:56  Drone  
  73  5:57  Drone  
  73  5:58  Queen  
  73  6:00  Drone  
  73  6:02  Drone x5  
  81  6:04  Overlord  
  81  6:10  Muscular Augments  
  81  6:13  Zerg Missile Weapons Level 1, Evolution Chamber  
  81  6:17  Drone x2  
  77  6:34  Drone  
  77  6:38  Hydralisk x3  
  84  6:41  Drone  
  84  6:42  Spore Crawler  
  84  6:45  Spore Crawler  
  84  6:46  Spore Crawler  
  82  6:48  Drone  
  82  6:49  Drone x2  
  82  6:53  Drone x2  
  87  6:57  Overlord  
  87  6:59  Drone  
  88  7:02  Drone  
  88  7:06  Drone x2  
  88  7:07  Extractor  
  90  7:08  Extractor  
  90  7:12  Zerg Ground Armor Level 2  
  90  7:15  Hydralisk x3  
  89  7:19  Pneumatized Carapace  
  89  7:20  Drone  
  96  7:23  Lurker Den  
  96  7:28  Drone x2  
  98  7:31  Drone x3  
  98  7:32  Drone  
  102  7:37  Drone  
  102  7:38  Drone  
  104  7:51  Overlord  
  104  7:52  Hydralisk  
  104  7:55  Hydralisk  
  104  7:56  Hydralisk  
  104  7:59  Hydralisk, Baneling x5  
  104  8:00  Hydralisk  
  104  8:11  Hydralisk x3  
  103  8:18  Hydralisk x7  
  103  8:19  Overlord, Extractor  
  109  8:28  Hydralisk x3  
  109  8:29  Overlord  
  114  8:38  Zerg Missile Weapons Level 2  
  114  8:47  Hydralisk  
  116  8:51  Hydralisk x4  
  122  8:59  Zergling x10  
  127  9:04  Zergling x6  
  127  9:09  Overlord x3  
  130  9:11  Overlord  
  130  9:14  Overlord  
  130  9:16  Hatchery  
  129  9:28  Zergling x4  
  131  9:38  Lurker  
  131  9:39  Lurker x4  
  131  9:40  Lurker, Zergling x2  
  131  9:41  Zergling x12  
  131  9:45  Infestation Pit, Zergling x8  
  147  9:50  Zergling x4  
  149  10:11  Hydralisk x6  
  149  10:12  Zergling x2  
  149  10:13  Overlord x2  
  162  10:14  Overlord  
  162  10:18  Overlord x2  
  156  10:29  Overlord  
  156  10:30  Hive  
  156  10:34  Drone x2  
  156  10:35  Drone x3  
  161  10:36  Hydralisk  
  163  10:44  Hydralisk x4  
  163  10:46  Hydralisk  
  160  10:51  Hydralisk x3  
  144  11:03  Hydralisk  
  129  11:04  Hydralisk  
  129  11:05  Hydralisk x4  
  129  11:08  Hydralisk x2  
  131  11:14  Hydralisk  
  131  11:16  Hydralisk  
  129  11:20  Hydralisk  
  128  11:44  Hydralisk x3  
  128  11:45  Hydralisk  
  133  11:47  Zergling x2  
  133  11:48  Zergling x4  
  133  11:50  Extractor x2  
  133  11:53  Hydralisk x2  
  138  11:59  Hydralisk x9  
  156  12:07  Hatchery  
  149  12:11  Hydralisk x3  
  133  12:17  Drone  
  133  12:19  Zergling x2  
  133  12:24  Zergling x2  
  133  12:29  Drone x3  
  137  12:30  Drone x2  
  137  12:31  Drone  
  137  12:34  Hydralisk  
  140  12:40  Lurker  
  140  12:41  Lurker x3  
  140  12:42  Drone  
  143  12:48  Ultralisk Cavern, Zergling x2  
  143  12:49  Zergling x10  
  148  12:54  Lurker  
  149  12:59  Zergling x2  
  146  13:07  Hydralisk  
  146  13:09  Hatchery  
  146  13:11  Zergling x14  
  149  13:14  Lurker  
  149  13:16  Lurker x3  
  149  13:17  Lurker  
  149  13:18  Overlord  
  149  13:19  Zergling x2  
  155  13:20  Zergling x12  
  161  13:42  Hydralisk  
  161  13:43  Zergling x2  
  161  13:44  Zergling x4  
  161  13:46  Chitinous Plating  
  162  13:56  Centrifical Hooks  
  162  14:00  Zergling x4  
  162  14:01  Zergling x18  
  173  14:04  Zergling x2  
  167  14:10  Hydralisk  
  167  14:11  Hydralisk x5  
  167  14:12  Zergling x4  
  167  14:15  Lurker, Zergling x2  
  167  14:16  Zergling x8  
  171  14:18  Zergling x2  
  172  14:24  Zergling x6  
  172  14:25  Zergling x4  
  162  14:35  Zergling x2  
  161  14:40  Zergling x10  
  165  14:45  Extractor  
  165  14:46  Extractor  
  165  14:47  Hydralisk  
  165  14:48  Hydralisk x2  
  165  14:50  Hydralisk x5  
  165  14:52  Hydralisk  
  155  14:53  Hydralisk  
  155  14:56  Hydralisk  
  155  14:57  Hydralisk  
  155  14:59  Hydralisk  
  139  15:03  Zergling x2  
Tags
 
Add a new tag
Caveats
  • Supply blocks, unpowered buildings, or Contaminate may cause inaccurate times.
  • Supply counts are checked every 10 seconds.